 Dungeon Crawl Stone Soup version 0.23.2-40-g277498a001 (webtiles) character file.

Game seed: 8548361746028037966

247 Hylith the Grave Robber (level 5, -1/41 HPs)
             Began as a Demonspawn Necromancer on Sept 25, 2019.
             Slain by a gnoll
             ... wielding a +0 halberd
              (15 damage)
             ... on level 4 of the Dungeon.
             The game lasted 00:05:19 (2781 turns).

Hylith the Grave Robber (Demonspawn Necromancer)    Turns: 2781, Time: 00:05:19

Health: -1/41      AC:  7    Str:  9    XL:     5   Next: 85%
Magic:  9/9        EV: 12    Int: 16    God:
Gold:   131        SH:  0    Dex: 14    Spells: 6/10 levels left

rFire    . . .     SeeInvis .   j - +1 dagger (venom)
rCold    . . .     Gourm    .   (no shield)
rNeg     . . .     Faith    .   q - +0 ring mail
rPois    .         Spirit   .   (no helmet)
rElec    .         Reflect  .   r - +1 cloak
rCorr    .         Harm     .   (no gloves)
MR       .....                  (no boots)
Stlth    +.........             (no amulet)
HPRegen  0.13/turn              (no ring)
MPRegen  0.11/turn              (no ring)

@: no status effects
A: repulsion field 1, powered by death 1
a: no special abilities


You were on level 4 of the Dungeon.
You were not hungry.

You visited 1 branch of the dungeon, and saw 4 of its levels.

You collected 131 gold pieces.

Inventory:

Hand Weapons
 b - a +0 dagger
 j - a +1 dagger of venom (weapon)
 n - a +1 dagger of flaming
Missiles
 h - 67 stones (quivered)
Armour
 a - a +0 robe
 p - a +0 leather armour of cold resistance
 q - a +0 ring mail (worn)
 r - a +1 cloak (worn)
Wands
 w - a wand of polymorph (9)
Scrolls
 d - 3 scrolls of remove curse {unknown}
 g - 2 scrolls of amnesia {unknown}
 k - 4 scrolls of enchant armour {unknown}
 l - a scroll of noise {unknown}
 m - 3 scrolls of identify {unknown}
 o - 3 scrolls of teleportation {unknown}
 s - a scroll of fear {unknown}
 v - 2 scrolls of enchant weapon {unknown}
 x - a scroll of magic mapping {unknown}
Potions
 e - 2 potions of curing {unknown}
 f - a potion of ambrosia {unknown}
 i - a potion of brilliance {unknown}
 t - a potion of might {unknown}
Comestibles
 c - 3 rations
 u - 2 chunks of flesh


   Skills:
 + Level 3.2 Fighting
 - Level 2.0 Dodging
 - Level 2.0 Stealth
 - Level 3.0 Spellcasting
 - Level 1.0 Charms
 + Level 5.8 Necromancy


You had 6 spell levels left.
You knew the following spells:

 Your Spells              Type           Power        Failure   Level  Hunger
a - Pain                  Necr           ###.         4%          1    #......
r - Regeneration          Chrm/Necr      ##........   36%         3    ###....

Your spell library contained the following spells:

 Spells                   Type           Power        Failure   Level  Hunger
 Animate Skeleton         Necr           N/A          4%          1    #......
 Vampiric Draining        Necr           ###.......   14%         3    ###....
 Animate Dead             Necr           N/A          43%         4    #####..


Dungeon Overview and Level Annotations

Branches:
Dungeon (4/15)
 Temple: D:4-7

Altars:
Okawaru
Wu Jian


Innate Abilities, Weirdness & Mutations

You are surrounded by a mild repulsion field. (EV +2)
You regenerate a little health from kills.


Message History

The gnoll hits you from afar with a +0 spear.
You hit the gnoll.
The gnoll looks as sick as possible!
The gnoll is moderately wounded.
The gnoll closely misses you.
The gnoll hits you from afar with a +0 spear.
You closely miss the gnoll.
The gnoll is heavily wounded.
The gnoll hits you but does no damage. x2; The gnoll hits you with a +0 club.
You barely miss the gnoll.
The gnoll is almost dead.
You kill the gnoll!
The gnoll barely misses you. The gnoll misses you.
You closely miss the gnoll. The gnoll closely misses you.
The gnoll hits you from afar with a +0 spear.
You are too injured to fight recklessly!
You are too injured to fight recklessly!
The gnoll hits you from afar with a +0 halberd.
The gnoll hits you from afar with a +0 spear.
The gnoll hits you from afar with a +0 halberd!
You die...

... ...# #...# #....#
##....#### ####
...?.....#####..###
..................##
...................##
.........g@.....<...#
....................#
.......gg...........#
...###.....#....#...#
.. ##..#####..#...# .
...# #......# .....
##.....# ###.##
#.....# #.#


You could see 3 gnolls.

Vanquished Creatures
  2 orc wizards (D:3)
  Jessica (D:2)
  Natasha (thrice) (D:3)
  A gnoll (D:4)
  2 adders (D:2)
  2 worms
  A dart slug (D:1)
  2 leopard geckos (D:1)
  3 orcs (D:3)
  5 giant cockroaches
  8 goblins
  A hobgoblin (D:1)
  3 jackals (D:1)
  8 bats
  3 frilled lizards
  8 kobolds
  3 rats
56 creatures vanquished.

Notes
Turn   | Place    | Note
-------+----------+-------------------------------------------
     0 | D:1      | Hylith the Demonspawn Necromancer began the quest for the
                  | Orb.
     0 | D:1      | Reached XP level 1. HP: 13/13 MP: 3/3
     6 | D:1      | Noticed a six-headed hydra
     6 | D:1      | Noticed a lindwurm
     7 | D:1      | Noticed an iguana
   463 | D:1      | Gained mutation: You regenerate a little health from kills.
                  | [demonic ancestry]
   463 | D:1      | Reached XP level 2. HP: 17/20 MP: 5/5
   706 | D:1      | Reached skill level 1 in Fighting
   898 | D:1      | Reached XP level 3. HP: 21/26 MP: 1/6
  1484 | D:2      | Noticed Jessica
  1495 | D:2      | Killed Jessica
  1495 | D:2      | Reached skill level 5 in Necromancy
  1495 | D:2      | Gained mutation: You are surrounded by a mild repulsion
                  | field. (EV +2) [demonic ancestry]
  1495 | D:2      | Reached XP level 4. HP: 32/33 MP: 6/8
  1526 | D:2      | Found an iron altar of Okawaru.
  1795 | D:2      | Found an ornate altar of the Wu Jian Council.
  1965 | D:2      | Learned a level 3 spell: Regeneration
  2164 | D:3      | Reached skill level 1 in Charms
  2164 | D:3      | Reached XP level 5. HP: 20/39 MP: 3/9
  2344 | D:3      | Noticed Natasha
  2348 | D:3      | Killed Natasha
  2501 | D:3      | Noticed Natasha
  2511 | D:3      | Killed Natasha
  2643 | D:3      | Noticed Natasha
  2650 | D:3      | Killed Natasha
  2781 | D:4      | Slain by a gnoll

Skill      XL: |  1  2  3  4  5 |
---------------+----------------+-----
Stealth        | 2 |  2.0
Dodging        | 2 |  2.0
Fighting       | 1 2 3 |  3.2
Necromancy     | 5 |  5.8
Spellcasting   | 3 |  3.0
Charms         | 1 |  1.0

Action                   |  1- 3 |  4- 6 || total
-------------------------+-------+-------++-------
Melee: Dagger            |    88 |    79 ||   167
 Cast: Pain              |    16 |     6 ||    22
 Stab: Sleeping          |     3 |     3 ||     6
  Eat: Chunk             |     1 |     5 ||     6
Armor: Robe              |    13 |       ||    13
       Ring mail         |    10 |    26 ||    36
Dodge: Dodged            |    58 |    47 ||   105
